 Dungeon Crawl Stone Soup version 0.28.0-53-g5a82cb258f (webtiles) character file.

Game seed: 16868794470017634295

2 Sin92 the Chiller (level 1, 0/13 HPs)
             Began as a Demonspawn Ice Elementalist on July 19, 2022.
             Constricted to death by a ball python (1 damage)
             ... on level 1 of the Dungeon.
             The game lasted 00:00:58 (380 turns).

Sin92 the Chiller (Demonspawn Ice Elementalist)      Turns: 380, Time: 00:00:58

Health: 0/13       AC:  2    Str:  8    XL:     1   Next: 33%
Magic:  3/3        EV:  9    Int: 16    God:
Gold:   20         SH:  0    Dex: 13    Spells: 3/4 levels left

rFire   . . .      SeeInvis .   b - +0 short sword
rCold   . . .      Faith    .   (no shield)
rNeg    . . .      Spirit   .   a - +0 robe
rPois   .          Reflect  .   (no helmet)
rElec   .          Harm     .   (no cloak)
rCorr   .          Rampage  .   (no gloves)
Will    .....                   (no boots)
Stlth   ++........              (no amulet)
HPRegen 0.04/turn               (no ring)
MPRegen 0.08/turn               (no ring)

@: constricted
A: no striking features
a: no special abilities


You were on level 1 of the Dungeon.
You visited 1 branch of the dungeon, and saw 1 of its levels.

You collected 20 gold pieces.

Inventory:

Hand Weapons
 b - a +0 short sword (weapon)
Armour
 a - a +0 robe (worn)


   Skills:
 + Level 0.1 Fighting
 + Level 1.8 Dodging
 + Level 1.8 Stealth
 + Level 2.0 Spellcasting
 + Level 3.6 Ice Magic


You had 3 spell levels left.
You knew the following spells:

 Your Spells              Type           Power      Damage    Failure   Level
a - Freeze                Ice            52%        1d7       4%          1

Your spell library contained the following spells:

 Spells                   Type           Power      Damage    Failure   Level
 Frozen Ramparts          Ice            26%        1d4       14%         3
 Ozocubu's Armour         Ice            13%        N/A       14%         3
 Hailstorm                Conj/Ice       7%         3d4       69%         4


Dungeon Overview and Level Annotations

Branches:
Dungeon (1/15)

Altars:


Message History

c - a scroll labelled DAOV RASCHOCI A frilled lizard comes into view.
The frilled lizard hisses angrily.
As you read the scroll labelled DAOV RASCHOCI, it crumbles to dust.
It is a scroll of identify.
You don't have any unidentified items.
A ball python comes into view.
The ball python hisses angrily.
A quokka comes into view.
A kobold comes into view. It is wielding a +0 dagger.
The frilled lizard closely misses you. The ball python bites you.
The ball python barely misses you.
You closely miss the ball python. The frilled lizard misses you.
The ball python bites you. The ball python closely misses you.
You closely miss the frilled lizard. The frilled lizard closely misses you.
The ball python closely misses you. The ball python barely misses you.
A bat comes into view.
You miss the frilled lizard. The ball python misses you.
The ball python barely misses you. The frilled lizard bites you.
You hit the frilled lizard.
You kill the frilled lizard!
The ball python closely misses you. The ball python grabs you.
The ball python constricts you. The ball python bites you.
The ball python constricts you.
Unknown command.
You hit the ball python but do no damage.
The ball python bites you. The ball python constricts you.
You closely miss the ball python. The bat hits you but does no damage.
The ball python bites you.
* * * LOW HITPOINT WARNING * * *
The ball python constricts you.
* * * LOW HITPOINT WARNING * * *
The bat hits you but does no damage.
You completely miss the ball python. The bat hits you but does no damage.
The ball python bites you.
* * * LOW HITPOINT WARNING * * *
The ball python constricts you. The bat closely misses you.
The ball python bites you but does no damage.
The ball python constricts you.
You die...

### # # .. # #.. ##
#.### ### .### ...# ...
...# #.###b# .#.#
#...#S# .## ##.#
######...#@#..... ##.#
##..........b......
##.###.....#............
##.##...............###.
##.#..........#..##.#
#............#..# ...
###..........#..# ...
##.......#....# ...
##.....##.....


You could see 2 bats and a ball python.

Vanquished Creatures
  A kobold (D:1)
  A ball python (D:1)
  A frilled lizard (D:1)
3 creatures vanquished.

Notes
Turn   | Place    | Note
-------+----------+-------------------------------------------
     0 | D:1      | Sin92 the Demonspawn Ice Elementalist began the quest for
                  | the Orb.
     0 | D:1      | Reached XP level 1. HP: 13/13 MP: 3/3
   380 | D:1      | Constricted to death by a ball python

Illustrated notes

Levels and vault maps discovered:
D:1:      erik_arrival_triangle_huge, layout_loops_ring, minmay_quantized

Action                   || total
-------------------------++-------
Melee: Unarmed           ||     8
       Short sword       ||     7
 Cast: Freeze            ||     3
  Use: Scroll            ||     1
Armor: Robe              ||     6
Dodge: Dodged            ||    17
